 Dungeon Crawl Stone Soup version 0.02-122-g12e50fee3c (webtiles) character file.

Game seed: 17701945277151352726, levelgen mode: deterministic

7 Lanoc the Unbeliever (level 1, 0/18 HPs) Immature Draconian Demonspawn. Began on Oct 3, 2020. Slain by a cinder newt (4 damage) ... on level 1 of the Dungeon. The game lasted 00:00:43 (131 turns).

Lanoc the Unbeliever (Immature Draconian Demonspawn) Turns: 131, Time: 00:00:44

Health: 0/18       AC:  5    Str: 16    XL:     1 ^: 2
Magic:  0/4        EV: 12    Int: 12    God:
Gold:   0          SH:  0    Dex: 10    Spells: 4/5 levels left

rFire    . . .     Vision   .   a - +0 long sword
rCold    . . .     Gourm    .   (no weapon)
rNeg     . . .     Faith    .   (armour unavailable)
rPois    .         Spirit   .   (helmet restricted)
rElec    .         Reflect  .   (no cloak)
rCorr    .         Harm     .   (no gloves)
MR       .....                  (no boots)
Stlth    ++........             (no amulet)
HPRegen  0.16/turn              (no ring)
MPRegen  0.14/turn              (no ring)

@: very slightly contaminated
A: no body armour, unfitting armour, cold-blooded, AC +5
a: Breathe Dart


You were on level 1 of the Dungeon.
You were not hungry.

You visited 1 branch of the dungeon, and saw 2 of its levels.

Inventory:

Weapons
 a - a +0 long sword (weapon)
Potions
 b - a potion of curing
Comestibles
 c - 2 rations


   Skills:
 + Level 2.8 Fighting
 - Level 1.5 Long Blades
 + Level 2.6 Dodging
 - Level 1.3 Stealth
 - Level 2.6 Spellcasting
   Level 3.0 Invocations


You had 4 spell levels left.
You knew the following spells:

 Your Spells              Type           Power        Failure   Level  Hunger
a - Flame Tongue          Fire           1 (40)       26%         1    #......

Your spell library contained the following spells:

 Spells                   Type           Power        Failure   Level  Hunger
 Blink                    Tloc           N/A          36%         2    ###....
 Call Imp                 Summ           1 (100)      36%         2    ###....
 Slow                     Hex            1 (100)      36%         2    ###....
 Conjure Flame            Fire           1 (100)      58%         3    ###....
 Mephitic Cloud           Pois/Air       1 (100)      58%         3    ###....


Dungeon Overview and Level Annotations

Branches:
Dungeon (2/8)

Altars:
Wu Jian


Innate Abilities, Weirdness & Mutations

You cannot fit into any form of body armour.
Your plain brown scales are hard. (AC +5)
You can breathe rudimentary magical darts.
You are cold-blooded and may be slowed by cold attacks.


Message History

The cinder newt closely misses you (0).
You riposte.
You barely miss the cinder newt.
Casting: Flame Tongue (safe; 26% risk of failure)
Confirm with . or Enter, or press ? or * to list all spells.
Aiming: Flame Tongue (safe; 26% risk of failure)
Press: ? - help, Shift-Dir - straight line, f - cinder newt
Aim: a cinder newt (moderately wounded (7/11))
You miscast Flame Tongue.
Nothing appears to happen.
The cinder newt bites you (0). The cinder newt burns you!
* * * LOW HITPOINT WARNING * * *
Casting: Flame Tongue (safe; 26% risk of failure)
Confirm with . or Enter, or press ? or * to list all spells.
Aiming: Flame Tongue (safe; 26% risk of failure)
Press: ? - help, Shift-Dir - straight line, f/p - cinder newt
Aim: a cinder newt (moderately wounded (7/11))
The flame tongue hits the cinder newt (1).
The cinder newt resists.
The cinder newt is heavily wounded. (6/11) HP The cinder newt bites you (0).
The cinder newt burns you!
You die...

### #.# #.#######
#.......#
#.#####.# #.# #.#
#.# #.#####
#####.#####....≈##
....)...........@#
#####.######.##l##
#.# #.##.# #.#
#.##.# #.# #.##.#
... #.##.# ...
#.##.# .. #. #.#


You could see a cinder newt.

Vanquished Creatures
  4 kobolds (D:1)
  A ball python (D:1)
  A bat (D:1)
  A goblin (D:1)
  A rat (D:1)
8 creatures vanquished.

Vanquished Creatures (others)
  A goblin (D:1)
  A kobold (D:2)
  A bat (D:2)
  9 withered plants (D:2)
12 creatures vanquished.

Grand Total: 20 creatures vanquished

Notes
Turn   | Place    | Note
-------+----------+-------------------------------------------
     0 | D:1      | Lanoc the Immature Draconian Demonspawn began the quest for
                  | the Orb.
     0 | D:1      | Reached XP level 1. HP: 18/18 MP: 4/4
   101 | D:2      | Found an ornate altar of the Wu Jian Council.
   101 | D:2      | Noticed a jelly
   112 | D:2      | Noticed a jelly
   131 | D:1      | Slain by a cinder newt

Levels and vault maps discovered:
D:1:      dpeg_arrival_shelter, layout_basic, first_ration
D:2:      layout_sewer, kennysheep_little_box, lemuel_round_altar,
          overflow_temple_1_default, nicolae_overflow_crystal_walls

Action                   || total
-------------------------++-------
Melee: Long sword        ||    16
       Unarmed           ||    12
       Tailslap          ||     2
 Cast: Flame Tongue      ||     4
 Stab: Sleeping          ||     1
Armor: Skin              ||     8
Dodge: Dodged            ||    15
       Rpst.: Unarmed    ||     6
       Long sword        ||     5
